 Dungeon Crawl Stone Soup version 0.32-a0-643-ga006e7742e (webtiles) character file.

Game seed: 3970081822081444724

2500 Fodor the Cleaver (level 9, -9/78 HPs)
             Began as a Minotaur Fighter on Mar 7, 2024.
             Mangled by a gnoll sergeant
             ... wielding a +0 trident
              (10 damage)
             ... on level 7 of the Dungeon on Mar 8, 2024.
             The game lasted 00:17:19 (5870 turns).

Fodor the Cleaver (Minotaur Fighter)                Turns: 5870, Time: 00:17:19

Health: -9/78      AC: 10    Str: 25    XL:     9   Next: 28%
Magic:  8/8        EV:  9    Int:  5    God:
Gold:   355        SH:  5    Dex: 10    Spells: 8/8 levels left

rFire   . . .        g - +1 battleaxe
rCold   . . .        (shield currently unavailable)
rNeg    . . .        n - +0 chain mail
rPois   .            (helmet currently unavailable)
rElec   .            (cloak currently unavailable)
rCorr   .            (gloves currently unavailable)
SInv    .            (boots currently unavailable)
Will    .....        b - amulet of reflection Stlth
                     (no ring)
HPRegen 0.33/turn    (no ring)
MPRegen 0.11/turn

%: reflection
@: beast-form
A: beast (slay +1), horns 2, retaliatory headbutt
a: Begin Untransformation


You were on level 7 of the Dungeon.
You were a hulking beast.
You visited 1 branch of the dungeon, and saw 7 of its levels.

You collected 355 gold pieces.

Inventory:

Hand Weapons
 g - a +1 battleaxe (weapon)
 r - a +0 orcbow
 w - a +0 heavy sling
Missiles
 f - 2 throwing nets
 v - 2 javelins (quivered)
Armour
 n - a +0 chain mail (worn)
Jewellery
 b - an amulet of reflection (around neck)
Talismans
 e - a beast talisman (active)
Wands
 o - a wand of flame (43)
 x - a wand of polymorph (10)
Scrolls
 a - a scroll of identify
 h - a scroll of silence
 i - a scroll of revelation
 j - 2 scrolls of amnesia
 q - 2 scrolls of enchant armour
 s - 3 scrolls of teleportation
 t - a scroll of noise {unknown}
 u - 2 scrolls of blinking {unknown}
Potions
 d - 2 potions of might
 k - a potion of invisibility {unknown}
 p - a potion of brilliance {unknown}


   Skills:
 + Level 6.9 Fighting
 + Level 8.5 Axes
 + Level 4.1 Ranged Weapons
 + Level 1.2 Throwing
 + Level 6.9 Armour
 + Level 2.3 Dodging
 + Level 0.1 Stealth
 + Level 6.8 Shields
 + Level 2.6 Shapeshifting


You had 8 spell levels left.
You didn't know any spells.
Your spell library contained the following spells:

 Spells                   Type           Power      Damage    Failure   Level
 Dazzling Flash           Conj/Hex       0%         N/A       100%        3
 Mephitic Cloud           Conj/Alch/Air  0%         N/A       100%        3
 Vhi's Electric Charge    Tloc/Air       0%         N/A       100%        4
 Arcjolt                  Conj/Air       0%         1d10      100%        5
 Curse of Agony           Necr           0%         N/A       100%        5
 Silence                  Hex/Air        0%         N/A       100%        5
 Plasma Beam              Fire/Air       0%         2x1d10    100%        6


Dungeon Overview and Level Annotations

Branches:
Dungeon (7/15)
 Temple: D:4-7

Altars:
Cheibriados
Kikubaaqudgha
Makhleb
Nemelex Xobeh
Qazlal
Trog
The Shining One

Shops:
D:5 *

Annotations:
D:7 3 runed translucent doors, Dittersdorf's ghost, novice GrFi


Innate Abilities, Weirdness & Mutations

You are a hulking beast.
Your limbs bulge with bestial killing power. (Slay +1)
You have a pair of horns on your head.
You reflexively headbutt those who attack you in melee.


Message History

Deactivating autopickup; reactivate with Ctrl-A.
Something hits you but does no damage.
You closely miss something. You slash the gnoll!
You kill the gnoll!
Something hits you but does no damage.
The gnoll throws a throwing net.
The throwing net hits you.
You become entangled in the net!
The gnoll sergeant hits you from afar with a +0 trident!
The gnoll sergeant hits you from afar with a +0 trident.
The gnoll hits you but does no damage. Something hits you but does no damage.
You struggle against the net.
The gnoll hits you from afar with a +0 spear.
The gnoll sergeant barely misses you. Something hits you. Something shocks you.
You struggle against the net.
The gnoll hits you but does no damage.
The gnoll sergeant hits you but does no damage.
Something hits you. Something shocks you.
You struggle against the net.
The gnoll hits you from afar with a +0 spear.
The gnoll sergeant completely misses you.
Something hits you but does no damage.
You rip the net and break free!
The gnoll hits you but does no damage. You block the gnoll sergeant's attack.
Something hits you. Something shocks you.
The gnoll sergeant attacks as it pursues you!
The gnoll sergeant barely misses you. Something hits you but does no damage.
Something hits you but does no damage.
The gnoll sergeant attacks as it pursues you!
The gnoll sergeant hits you from afar with a +0 trident.
You closely miss something. Something hits you but does no damage.
The gnoll sergeant hits you from afar with a +0 trident!
* * * LOW HITPOINT WARNING * * *
You miss something. Something hits you but does no damage.
The gnoll sergeant hits you from afar with a +0 trident.
* * * LOW HITPOINT WARNING * * *
You slice something!! Your headbutt misses something. Something hits you.
* * * LOW HITPOINT WARNING * * *
Something shocks you.
* * * LOW HITPOINT WARNING * * *
The gnoll sergeant hits you from afar with a +0 trident!
You die...

### ..# ## #.# ##.... ..
#.# #..... ... #.# #.#..
#.#. #.# #.#..#...#
####.# #h#.#g....
###....# #.#.gg._..
....#..#########g#.#g....
###.............gg..#...#
##.(.##.#####.#g...#.#.
#.####.# #.......... #.#
#.# ######.#### ..# #.#
.# ##.# #.# #


You could see a gnoll sergeant and 3 gnolls.

Vanquished Creatures
  Grinder (D:5)
  Sigmund (D:3)
  Menkaure (D:6)
  Edmund (D:5)
  A black bear (D:6)
  2 ice beasts (D:6)
  3 ogres (D:6)
  A sky beast (D:6)
  A centaur (D:5)
  A phantom (D:5)
  Blork the orc (D:6)
  5 scorpions
  A crimson imp (D:4)
  3 bombardier beetles
  4 hounds
  3 orc priests (D:6)
  A gnoll bouda (D:6)
  2 iguanas
  Jessica (D:3)
  3 orc wizards
  A sleepcap (D:5)
  Robin (D:3)
  8 gnolls
  7 adders
  A white imp (D:5)
  A ribbon worm (D:3)
  5 dart slugs
  20 orcs
  5 endoplasms
  4 giant cockroaches
  14 goblins
  11 hobgoblins
  3 jackals (D:4)
  6 kobolds
  2 quokkas
  4 ball pythons
  5 bats
  3 frilled lizards
  5 hobgoblin zombies (D:4)
  A kobold zombie (D:4)
  An orc skeleton (D:4)
  7 rats
152 creatures vanquished.

Vanquished Creatures (others)
  A bombardier beetle (D:5)
1 creature vanquished.

Grand Total: 153 creatures vanquished

Notes
Turn   | Place    | Note
-------+----------+-------------------------------------------
     0 | D:1      | Fodor the Minotaur Fighter began the quest for the Orb.
     0 | D:1      | Reached XP level 1. HP: 19/19 MP: 0/0
    82 | D:1      | Reached XP level 2. HP: 27/27 MP: 1/1
   790 | D:2      | Reached skill level 3 in Axes
   790 | D:2      | Reached XP level 3. HP: 33/33 MP: 2/2
  1199 | D:3      | Noticed Jessica
  1204 | D:3      | Reached XP level 4. HP: 37/40 MP: 3/3
  1205 | D:3      | Killed Jessica
  1206 | D:3      | Reached skill level 4 in Axes
  1276 | D:3      | Noticed Sigmund
  1285 | D:3      | Killed Sigmund
  1286 | D:3      | Reached skill level 5 in Axes
  1286 | D:3      | Reached skill level 1 in Shapeshifting
  1286 | D:3      | Reached XP level 5. HP: 29/47 MP: 4/4
  1389 | D:3      | Found a bloodstained altar of Trog.
  1453 | D:3      | Reached XP level 6. HP: 53/53 MP: 5/5
  1537 | D:3      | Noticed Robin
  1563 | D:3      | Killed Robin
  2056 | D:4      | Found a glowing golden altar of the Shining One.
  2279 | D:4      | Found a sparkling altar of Nemelex Xobeh.
  2470 | D:4      | Reached skill level 5 in Armour
  2473 | D:4      | Reached skill level 1 in Ranged Weapons
  2643 | D:4      | Reached XP level 7. HP: 60/60 MP: 6/6
  2749 | D:4      | Reached skill level 1 in Dodging
  3068 | D:5      | Entered Level 5 of the Dungeon
  3114 | D:5      | Reached skill level 5 in Fighting
  3128 | D:5      | Reached skill level 5 in Shields
  3147 | D:5      | Found a snail-covered altar of Cheibriados.
  3205 | D:5      | Found Plog's Assorted Antiques.
  3219 | D:5      | Noticed Grinder
  3230 | D:5      | Killed Grinder
  3231 | D:5      | Reached skill level 6 in Axes
  3473 | D:5      | Reached XP level 8. HP: 15/68 MP: 7/7
  4144 | D:5      | Noticed Edmund
  4156 | D:5      | Killed Edmund
  4319 | D:6      | Reached skill level 7 in Axes
  4319 | D:6      | Reached skill level 1 in Throwing
  4634 | D:6      | HP: 3/70 [poisoned by a scorpion]
  4845 | D:6      | Found an ancient bone altar of Kikubaaqudgha.
  4938 | D:6      | Reached XP level 9. HP: 67/78 MP: 8/8
  5030 | D:6      | Noticed Menkaure
  5042 | D:6      | Killed Menkaure
  5043 | D:6      | Reached skill level 8 in Axes
  5048 | D:6      | HP: 1/78 [orc priest/+0 trident (5)]
  5380 | D:6      | Found a burning altar of Makhleb.
  5380 | D:6      | Noticed Blork the orc
  5389 | D:6      | Killed Blork the orc
  5802 | D:7      | Found a runed translucent gate.
  5803 | D:7      | Found a runed translucent gate.
  5803 | D:7      | Found a runed translucent gate.
  5809 | D:7      | Noticed Dittersdorf's ghost (novice GrFi)
  5854 | D:7      | Found a stormy altar of Qazlal.
  5870 | D:7      | HP: 1/78 [something (6)]
  5870 | D:7      | Mangled by a gnoll sergeant

Illustrated notes

Levels and vault maps discovered:
D:1:      psy_arrival_basics, layout_rooms
D:2:      layout_basic
D:3:      layout_basic, lightli_temple_of_fire, uniq_jessica, uniq_sigmund,
          uniq_robin
D:4:      layout_loops_ring, nicolae_tso_besieged_by_evil, lemuel_round_altar
D:5:      layout_basic, mainiacjoe_overflow_small_starburst, serial_shops,
          nicolae_shop_back_alley_shop, hangedman_glass_teeth, uniq_grinder,
          uniq_edmund
D:6:      layout_cave_pools, kiku_gazebo_pond_becter, makhleb_heckhound_becter,
          minmay_increasing_density, uniq_menkaure, uniq_blork_the_orc
D:7:      layout_loops_ring, nicolae_qazlal_beasts_of_the_sky,
          minmay_temple_entry_ruins, gammafunk_ghost_necromancy,
          nicolae_shop_overcharged_wands, uniq_joseph

Skill      XL: |  1  2  3  4  5  6  7  8  9 |
---------------+----------------------------+-----
Fighting       | 4 5 6 |  6.9
Axes           | 3 5 6 7 8 |  8.5
Armour         | 4 5 6 |  6.9
Shields        | 4 5 6 |  6.8
Shapeshifting  | 1 2 |  2.6
Ranged Weapons | 1 3 4 |  4.1
Dodging        | 1 2 |  2.3
Throwing       | 1 |  1.2
Stealth        | |  0.1

Action                     |  1- 3 |  4- 6 |  7- 9 || total
---------------------------+-------+-------+-------++-------
  Melee: War axe           |    77 |    99 |   119 ||   295
         Headbutt          |     9 |    22 |    29 ||    60
         Battleaxe         |       |       |    14 ||    14
   Fire: Sling             |       |     9 |    24 ||    33
  Throw: Javelin           |       |       |     9 ||     9
    Use: Potion            |       |       |     6 ||     6
         Scroll            |       |       |     8 ||     8
 Armour: Scale mail        |    68 |       |       ||    68
         Chain mail        |     8 |    74 |   160 ||   242
  Dodge: Dodged            |    37 |    23 |    48 ||   108
  Block: Buckler           |    28 |    50 |    96 ||   174
         Reflection        |       |     1 |     4 ||     5
         Other             |       |       |     3 ||     3
   Form: Beast             |     1 |       |       ||     1

Table legend: (Time is in decaauts)
 A = Elapsed time spent in this place.
 B = Non-inter-level travel time spent in this place.
 C = Inter-level travel time spent in this place.
 D = Time resting spent in this place.
 E = Time spent auto-exploring this place.
 F = Levels seen in this place.
 G = Mean time per level.
                   A        B        C        D        E       F      G
               +--------+--------+--------+--------+--------+-----+--------+
         Total |   5971 |   5886 |     85 |    991 |   3414 |   7 |  853.0 |
       Dungeon |   5971 |   5886 |     85 |    991 |   3414 |   7 |  853.0 |
               +--------+--------+--------+--------+--------+-----+--------+

Top non-repeatable levels by time:
     D:6: 1483 daAuts
     D:5: 1257 daAuts
     D:4: 1091 daAuts
     D:3: 958 daAuts
     D:1: 719 daAuts
     D:2: 363 daAuts
     D:7: 98 daAuts
